 Dungeon Crawl Stone Soup version 0.30-a0-632-g346586fe48 (webtiles) character file.

Game seed: 2778460964609224594

12437 Mitcholas the Markself (level 11, 0/66 HPs)
             Began as a Deep Elf Hunter on Jan 13, 2023.
             Was a High Priest of Okawaru.
             Slain by a manticore (4 damage)
             ... while petrified by a basilisk
             ... on level 11 of the Dungeon.
             The game lasted 00:54:32 (10685 turns).

Mitcholas the Markself (Deep Elf Hunter)           Turns: 10685, Time: 00:54:33

Health: 0/66       AC: 10    Str:  8    XL:     11   Next: 62%
Magic:  17/17      EV:  2    Int: 18    God:    Okawaru [*****.]
Gold:   404        SH:  0    Dex: 28    Spells: 10/10 levels left

rFire   . . .      SeeInvis .    q - +1 arbalest
rCold   . . .      Faith    .    (shield currently unavailable)
rNeg    + + +      Spirit   .    D - +0 acid dragon scales
rPois   ∞          Reflect  .    g - +2 helmet {Int+3}
rElec   .          Harm     .    (no cloak)
rCorr   +          Rampage  .    (no gloves)
Will    +....                    (no boots)
Stlth   +++                      (no amulet)
HPRegen 0.31/turn                t - ring of resist corrosion
MPRegen 0.15/turn                d - +6 ring of dexterity

@: petrified, spiked
A: no striking features
a: Renounce Religion, Heroism, Finesse, Duel


You were on level 11 of the Dungeon.
You worshipped Okawaru.
Okawaru was extremely pleased with you.
You visited 2 branches of the dungeon, and saw 12 of its levels.
You also visited: Sewer and Ossuary.

You collected 644 gold pieces.
You spent 240 gold pieces at shops.

Inventory:

Hand Weapons
 p - the +7 Throatcutter {drain, coup de grace}
   (You found it on level 3 of the Dungeon)
 q - a +1 arbalest (weapon)
Missiles
 e - 3 datura-tipped darts
 H - a curare-tipped dart
Armour
 g - a +2 helmet of intelligence (worn)
 D - +0 acid dragon scales (worn)
 F - +2 steam dragon scales
Jewellery
 d - a +6 ring of dexterity (right hand)
 t - a ring of resist corrosion (left hand)
 I - a ring of see invisible
Wands
 c - a wand of flame (17)
 n - a wand of roots (8)
 o - a wand of light (4)
Scrolls
 b - 2 scrolls of immolation
 h - 10 scrolls of teleportation
 j - 2 scrolls of enchant armour
 s - a scroll of blinking
 u - 4 scrolls of amnesia
 y - a scroll of fog
 J - a scroll of poison {unknown}
Potions
 a - 2 potions of resistance {unknown}
 f - 2 potions of curing
 i - 8 potions of lignification
 k - 3 potions of mutation
 l - 3 potions of flight {unknown}
 m - a potion of haste {unknown}
 r - 3 potions of degeneration
 v - 4 potions of magic
 w - 4 potions of brilliance
 x - a potion of heal wounds
 z - 3 potions of attraction {unknown}
 A - 2 potions of might {unknown}
 B - a potion of invisibility {unknown}
 C - 2 potions of berserk rage {unknown}
 E - a potion of cancellation {unknown}
Miscellaneous
 G - a condenser vane


   Skills:
 + Level 6.9 Fighting
 * Level 15.5 Ranged Weapons
 - Level 4.0 Armour
 + Level 10.0 Dodging
 - Level 4.0 Stealth
 + Level 5.6 Invocations
 - Level 6.0 Evocations


You had 10 spell levels left.
You didn't know any spells.
Your spell library contained the following spells:

 Spells                   Type           Power      Damage    Failure   Level
 Ensorcelled Hibernation  Hex/Ice        0%         N/A       50%         2
 Passwall                 Tmut/Erth      0%         N/A       50%         2
 Ozocubu's Armour         Ice            0%         N/A       73%         3
 Spider Form              Tmut/Pois      0%         N/A       73%         3
 Swiftness                Air            0%         N/A       73%         3
 Anguish                  Hex/Necr       0%         N/A       98%         4
 Passage of Golubria      Tloc           0%         N/A       98%         4
 Yara's Violent Unravell  Hex/Tmut       0%         3d3       100%        5
 Ozocubu's Refrigeration  Ice            0%         4d7       100%        7
 Tukima's Dance           Hex            Unusable   N/A       N/A         3
 Malign Gateway           Summ/Tloc      Unusable   N/A       N/A         7
 Summon Horrible Things   Summ           Unusable   N/A       N/A         8

Dungeon Overview and Level Annotations

Branches:
Dungeon (11/15)            Temple (1/1) D:7             Orc (0/2) D:9
  Sewer (visited)         Ossuary (visited)
   Lair: D:8-11

Altars:
Ashenzari
Cheibriados
Dithmenos
Elyvilon
Fedhas
Gozag
Hepliaklqana
Kikubaaqudgha
Nemelex Xobeh
Okawaru
Qazlal
Ru
Sif Muna
Trog
Uskayaw
Vehumet
Wu Jian
Xom
Yredelemnul
Zin
The Shining One

Shops:
D:3 [   D:8 *!(

Annotations:
D:4 1 runed translucent door, Crazy Yiuf


Message History

You shoot a bolt. The bolt hits the manticore!!
The manticore is severely wounded.
You are engulfed in noxious fumes.
You choke on the stench!
You are confused.
The manticore is engulfed in noxious fumes.
The manticore bites you! The manticore claws you! The manticore misses you.
The basilisk gazes at you.
You are slowing down.
Unknown command.
Unknown command.
Non-targeted confused fire: q) +1 arbalest
Press: ? - help, Q - select action, (/) - cycle Dir - look around, f - activate Look: a manticore (severely wounded)
You shoot a bolt.
You feel less confused. The manticore barely misses you.
The manticore closely misses you. The manticore claws you!
A wyvern comes into view.
The manticore bites you. The manticore misses you. The manticore claws you.
* * * LOW HITPOINT WARNING * * *
You have turned to stone.
The basilisk bites you but does no damage.
The manticore bites you but does no damage.
The manticore claws you!
* * * LOW HITPOINT WARNING * * *
The manticore claws you.
* * * LOW HITPOINT WARNING * * *
The swamp drake breathes poison at you.
The noxious blast engulfs the manticore but does no damage.
The manticore is poisoned.
The basilisk is engulfed in noxious fumes.
The basilisk appears confused.
The manticore is engulfed in noxious fumes.
The manticore bites you!!
* * * LOW HITPOINT WARNING * * *
The manticore claws you.
The manticore claws you but does no damage.
The manticore is engulfed in noxious fumes.
The manticore bites you!
You die...

.....# ###### ## # ##
##.##.? .##...l... ##
## #°.#.°...# .##.###
#######.°°°...[.
#..##.# #......l°H°°.#
##....###.......@#...#
##.........###.#°.###
#######.####..#### ###
####


You could see a manticore (poisoned), a basilisk (confused) and a wyvern
(wandering).

Vanquished Creatures
  Gastronok (D:11)
  2 two-headed ogres
  A cyclops (D:11)
  A manticore (D:8)
  Maggie (D:10)
  A kobold demonologist (D:8)
  An unseen horror (D:10)
  A troll (D:9)
  A hornet (D:9)
  Sigmund (D:5)
  3 wyverns
  A wraith (D:11)
  2 vampires
  12 yaks
  Eustachio (D:6)
  A basilisk (D:11)
  5 vampire mosquitoes
  Edmund (D:4)
  Menkaure (D:6)
  An acid dragon (D:9)
  A water moccasin (D:6)
  Duvessa (D:4)
  2 ice beasts
  3 orc warriors
  A sky beast (D:8)
  A black bear (D:7)
  An ogre (D:6)
  2 centaurs
  2 phantoms
  8 kobold brigands
  Blork the orc (D:4)
  A bullfrog (D:9)
  2 necrophages
  2 scorpions
  7 wights
  Dowan (D:4)
  11 killer bees (D:8)
  2 howler monkeys
  An electric eel (D:8)
  A hound (D:4)
  A jelly (D:4)
  A human zombie (Ossuary)
  A gnoll bouda (D:6)
  9 orc priests
  5 iguanas
  Ijyb (D:5)
  5 orc wizards
  A hell rat (Sewer)
  4 mummies
  Robin (D:3)
  4 gnolls (D:3)
  6 adders
  A river rat (D:6)
  2 shadow imps (D:7)
  3 white imps
  5 adder zombies (Ossuary)
  A worm (D:3)
  3 dart slugs
  39 orcs
  8 endoplasms
  3 giant cockroaches
  19 goblins
  4 hobgoblins
  4 jackals (D:4)
  41 kobolds
  4 quokkas
  6 ball pythons
  4 bats
  4 frilled lizards
  2 goblin zombies
  2 hobgoblin zombies (Ossuary)
  6 kobold zombies (Ossuary)
  An orc zombie (D:7)
  2 quokka zombies (Ossuary)
  11 rats
  A rat zombie (Ossuary)
305 creatures vanquished.

Vanquished Creatures (others)
  A kobold (D:3)
  15 fungi (D:3)
  4 plants (D:3)
20 creatures vanquished.

Grand Total: 325 creatures vanquished

Notes
Turn   | Place    | Note
-------+----------+-------------------------------------------
     0 | D:1      | Mitcholas the Deep Elf Hunter began the quest for the Orb.
     0 | D:1      | Reached XP level 1. HP: 12/12 MP: 3/3
   237 | D:1      | Found a faded altar of an unknown god.
   320 | D:1      | Reached XP level 2. HP: 17/17 MP: 4/4
   871 | D:2      | Reached XP level 3. HP: 21/21 MP: 5/5
  1085 | D:2      | Reached skill level 6 in Ranged Weapons
  1340 | D:3      | Noticed Robin
  1347 | D:3      | Reached XP level 4. HP: 26/26 MP: 6/6
  1350 | D:3      | Killed Robin
  1568 | D:3      | Reached XP level 5. HP: 31/31 MP: 7/7
  1656 | D:3      | Found a radiant altar of Vehumet.
  1716 | D:3      | Found Wuck's Antique Armour Shoppe.
  2129 | D:3      | Reached skill level 7 in Ranged Weapons
  2275 | D:3      | Found the +7 Throatcutter {drain, coup de grace}
  2292 | D:3      | Reached XP level 6. HP: 20/36 MP: 8/8
  2540 | D:4      | Found a runed translucent door.
  2541 | D:4      | Noticed Crazy Yiuf
  2630 | D:4      | Reached skill level 8 in Ranged Weapons
  2760 | D:4      | Reached XP level 7. HP: 27/41 MP: 9/9
  2883 | D:4      | Noticed Edmund
  2908 | D:4      | Killed Edmund
  2997 | D:4      | Noticed Dowan
  3054 | D:4      | Reached skill level 5 in Dodging
  3099 | D:4      | Reached skill level 9 in Ranged Weapons
  3141 | D:4      | Noticed Blork the orc
  3147 | D:4      | Killed Blork the orc
  3232 | D:4      | Noticed Duvessa
  3258 | D:4      | Killed Duvessa
  3272 | D:4      | Killed Dowan
  3513 | D:5      | Entered Level 5 of the Dungeon
  3655 | D:5      | Noticed Ijyb
  3665 | D:5      | Killed Ijyb
  3683 | D:5      | Reached XP level 8. HP: 48/48 MP: 10/10
  3826 | D:5      | Reached skill level 10 in Ranged Weapons
  3826 | D:5      | Reached skill level 1 in Evocations
  4056 | D:5      | Noticed Sigmund
  4061 | D:5      | Killed Sigmund
  4204 | D:6      | Found a glowing drain.
  4423 | Sewer    | Entered a sewer
  4554 | D:6      | Reached skill level 11 in Ranged Weapons
  4863 | D:6      | HP: 2/48 [orc warrior/bolt (6)]
  5118 | D:6      | Found a broken altar of Ashenzari.
  5142 | D:6      | Noticed Eustachio
  5156 | D:6      | Noticed Menkaure
  5261 | D:3      | Bought a glowing helmet for 240 gold pieces
  5384 | D:6      | Killed Eustachio
  5385 | D:6      | Reached XP level 9. HP: 13/52 MP: 11/11
  5851 | D:6      | Reached skill level 5 in Fighting
  5870 | D:6      | Killed Menkaure
  5871 | D:6      | Reached skill level 12 in Ranged Weapons
  6136 | D:7      | Found a staircase to the Ecumenical Temple.
  6199 | D:7      | Found a sand-covered staircase.
  6205 | Ossuary  | Entered an ossuary
  6395 | Temple   | Entered the Ecumenical Temple
  6555 | Temple   | Became a worshipper of Warmaster Okawaru
  6628 | D:7      | Found a white marble altar of Elyvilon.
  6628 | D:7      | Found a glowing golden altar of the Shining One.
  6629 | D:7      | Found a glowing silver altar of Zin.
  6652 | D:7      | Reached skill level 1 in Armour
  6669 | D:7      | Found a sacrificial altar of Ru.
  6669 | D:7      | Found a blossoming altar of Fedhas.
  6962 | D:8      | Reached skill level 1 in Invocations
  6991 | D:8      | Found Meymn's Antique Weapon Boutique.
  6991 | D:8      | Found Hoappoc's Distillery.
  6993 | D:8      | Found Gis Wipa's General Store.
  7165 | D:8      | Reached * piety under Okawaru
  7270 | D:8      | Reached skill level 5 in Evocations
  7271 | D:8      | Reached XP level 10. HP: 59/59 MP: 13/13
  7324 | D:8      | Noticed a manticore
  7420 | D:8      | Reached skill level 13 in Ranged Weapons
  7724 | D:8      | Found an ornate altar of the Wu Jian Council.
  7887 | D:8      | You fall into a shaft and drop 1 floor!
  8056 | D:8      | Killed a manticore
  8056 | D:8      | Reached ** piety under Okawaru
  8206 | D:9      | Found an opulent altar of Gozag.
  8331 | D:9      | Reached *** piety under Okawaru
  8653 | D:9      | Reached skill level 14 in Ranged Weapons
  8791 | D:9      | Found a staircase to the Orcish Mines.
  8889 | D:9      | Noticed a two-headed ogre
  8896 | D:9      | Killed a two-headed ogre
  9057 | D:10     | Entered Level 10 of the Dungeon
  9075 | D:10     | Identified the +7 short sword of Corruption {heavy, Fragile
                  | rF+ rC+++ Str-4}
  9165 | D:10     | Noticed Maggie
  9169 | D:10     | Killed Maggie
  9170 | D:10     | Reached XP level 11. HP: 65/65 MP: 16/16
  9319 | D:10     | Reached **** piety under Okawaru
  9421 | D:10     | Found a hide-covered altar of Uskayaw.
  9421 | D:10     | Found a stormy altar of Qazlal.
  9792 | D:10     | Noticed a two-headed ogre
  9799 | D:10     | Killed a two-headed ogre
  9981 | D:11     | Noticed a two-headed ogre
 10090 | D:10     | Reached ***** piety under Okawaru
 10341 | D:11     | Reached skill level 15 in Ranged Weapons
 10341 | D:11     | Reached skill level 5 in Invocations
 10351 | D:11     | Noticed Gastronok
 10385 | D:11     | Killed Gastronok
 10665 | D:11     | Reached skill level 10 in Dodging
 10685 | D:11     | Slain by a manticore

Illustrated notes

Levels and vault maps discovered:
D:1:      dpeg_arrival_three_smaller_balls, layout_basic,
          shapermc_ecumenical_altar_petra
D:2:      layout_basic
D:3:      layout_basic, mainiacjoe_overflow_chevrons, serial_shops, shop,
          dilly_guarded_unrand_throatcut, uniq_robin
D:4:      layout_loops_ring, uniq_crazy_yiuf_cottage, uniq_duvessa, uniq_edmund,
          uniq_blork_the_orc
D:5:      layout_basic, minmay_misc_feat_chi, uniq_ijyb, uniq_sigmund
D:6:      layout_cave_pools, cheibrodos_ashenzari_chains, portal_sewer_entry_a,
          minmay_bent, uniq_menkaure, uniq_eustachio
D:7:      layout_rooms, good_gods_temple_1, grunt_temple_overflow_open,
          temple_hall, nicolae_ossuary_entry_giza
D:8:      minmay_cornered_nines, layout_loops_corners, kennysheep_mini_moat,
          nicolae_wooded_promenade, minmay_hedge_maze
D:9:      layout_roguey, mainiacjoe_overflow_small_starburst,
          minmay_orc_entry_temple_small, nzn_life_drinkers
D:10:     layout_gridville, gammafunk_temple_overflow_statue, uniq_maggie
D:11:     layout_cross, erik_lair_dragon, uniq_gastronok
Temple:   grunt_temple_mini_profane

Skill      XL: |  1  2  3  4  5  6  7  8  9 10 11 |
---------------+----------------------------------+-----
Stealth        | 2 3 4 |  4.0
Fighting       | 2 3 4 5 6 |  6.9
Dodging        | 3 4 5 6 8 9 10 | 10.0
Ranged Weapons | 6 7 8 9 11 12 14 15 | 15.5
Evocations     | 3 5 6 |  6.0
Armour         | 1 3 4 |  4.0
Invocations    | 1 4 5 |  5.6

Action                   |  1- 3 |  4- 6 |  7- 9 | 10-12 || total
-------------------------+-------+-------+-------+-------++-------
 Fire: Shortbow          |    96 |   137 |   306 |       ||   539
       Arbalest          |       |       |   124 |   294 ||   418
Throw: Dart              |       |     2 |     8 |     5 ||    15
       Throwing net      |       |       |     1 |       ||     1
Evoke: Wand              |       |       |     5 |       ||     5
  Use: Potion            |       |     1 |     1 |     3 ||     5
       Scroll            |       |       |    10 |     5 ||    15
Armor: Leather armour    |     3 |     3 |       |       ||     6
       Robe              |       |     5 |    22 |     7 ||    34
       Acid dragon scale |       |       |       |    51 ||    51
Dodge: Dodged            |    18 |    47 |   154 |   210 ||   429

Table legend: (Time is in decaauts)
 A = Elapsed time spent in this place.
 B = Non-inter-level travel time spent in this place.
 C = Inter-level travel time spent in this place.
 D = Time resting spent in this place.
 E = Time spent auto-exploring this place.
 F = Levels seen in this place.
 G = Mean time per level.
                   A        B        C        D        E       F      G
               +--------+--------+--------+--------+--------+-----+--------+
         Total |  10858 |  10021 |    837 |   1526 |   6088 |  14 |  775.6 |
       Dungeon |  10431 |   9617 |    814 |   1526 |   5795 |  11 |  948.3 |
        Temple |    186 |    163 |     23 |      0 |    152 |   1 |  186.0 |
         Sewer |     91 |     91 |      0 |      0 |     52 |   1 |   91.0 |
       Ossuary |    148 |    148 |      0 |      0 |     89 |   1 |  148.0 |
               +--------+--------+--------+--------+--------+-----+--------+

Top non-repeatable levels by time:
     D:3: 1270 daAuts
    D:10: 1268 daAuts
     D:5: 1266 daAuts
     D:8: 1192 daAuts
     D:4: 1094 daAuts
     D:6: 1075 daAuts
     D:9: 975 daAuts
     D:2: 724 daAuts
     D:7: 608 daAuts
     D:1: 554 daAuts
    D:11: 399 daAuts
  Temple: 186 daAuts
 Ossuary: 148 daAuts
   Sewer: 91 daAuts
